[Event "Team 45 45 League T25"]
[Site "Internet Chess Club"]
[Date "2005.01.17"]
[Round "5"]
[White "john-beebs"]
[Black "PostMike"]
[Result "0-1"]
[WhiteElo "1512"]
[BlackElo "1616"]
[TimeControl "2700+45"]

1. e4 c5 2. Nf3 Nc6 3. Nc3 g6 4. d4 cxd4 5. Nxd4 Bg7 6. Nxc6 bxc6 7. Qf3 e6 8.
Bc4 Ne7 9. Bg5 d5 10. exd5 cxd5 11. Bf6 Bxf6 12. Qxf6 O-O 13. Qf3 Qa5 14. O-O
Nf5 15. Nxd5 exd5 16. Bxd5 Rb8 17. Bb3 Bb7 18. Qg4 Rbd8 19. c3 Rd2 20. Rab1 Bd5
21. Qf4 Re2 22. Bc4 Re4 23. Qf3 Nh4 24. Qd3 {White resigns} 0-1

[Event "Team 45 45 League T25"]
[Site "Internet Chess Club"]
[Date "2005.01.16"]
[Round "5"]
[White "Bookkeeper"]
[Black "SpeedBlade"]
[Result "0-1"]
[WhiteElo "1448"]
[BlackElo "1459"]
[TimeControl "2700+45"]

1. d4 d5 2. Nf3 Nf6 3. e3 c5 4. c3 Nbd7 5. Bd3 Qc7 6. Nbd2 e5 7. e4 dxe4 8. Nxe4
Bd6 9. Be3 Nxe4 10. Bxe4 Nf6 11. Bc2 exd4 12. cxd4 O-O 13. O-O Bg4 14. dxc5 Bxc5
15. Bxc5 Qxc5 16. Rc1 Qh5 17. h3 Bxf3 18. Qxf3 Qxf3 19. gxf3 Rac8 20. Rfe1 Rfe8
21. Re3 Rxe3 22. fxe3 Kf8 23. Kf2 Nd5 24. a3 h6 25. Ke2 g5 26. Kd2 Ke7 27. Be4
Rxc1 28. Kxc1 Nxe3 29. Kd2 Nc4+ 30. Kc3 Nd6 31. Kd4 Nxe4 32. fxe4 Ke6 33. b4 f5
34. exf5+ Kxf5 35. Ke3 g4 36. h4 h5 37. Kf2 Ke4 {White resigns} 0-1

[Event "Team 45 45 League T25"]
[Site "Internet Chess Club"]
[Date "2005.01.17"]
[Round "5"]
[White "DynamoKyiv"]
[Black "chesskix"]
[Result "1-0"]
[WhiteElo "1425"]
[BlackElo "1478"]
[TimeControl "2700+45"]

1. e4 c5 2. Nf3 Nc6 3. d4 cxd4 4. Nxd4 e5 5. Nb5 d6 6. N1c3 a6 7. Na3 h6 8. Be3
Nd4 9. Bxd4 exd4 10. Qxd4 Qg5 11. Nd5 Qd8 12. O-O-O Nf6 13. Nxf6+ Qxf6 14. Qxf6
gxf6 15. Nc4 Be6 16. Nxd6+ Bxd6 17. Rxd6 O-O 18. Be2 Rac8 19. b3 Kg7 20. Rhd1 a5
21. R1d4 Rc5 22. c4 b5 23. Ra6 b4 24. Rad6 h5 25. f4 h4 26. h3 f5 27. Bf3 Re8
28. e5 Rec8 29. Bd5 Bxd5 30. R6xd5 a4 31. Rxc5 Rxc5 32. Rd5 Rxd5 33. cxd5 axb3
34. axb3 Kf8 35. Kd2 Ke7 36. Kd3 Kd7 37. Kc4 {Black resigns} 1-0

[Event "Team 45 45 League T25"]
[Site "Internet Chess Club"]
[Date "2005.01.16"]
[Round "5"]
[White "sloper-c"]
[Black "AMAV"]
[Result "0-1"]
[WhiteElo "2014"]
[BlackElo "2165"]
[TimeControl "2700+45"]

1. e4 c5 2. c3 e6 3. d4 d5 4. e5 Nc6 5. Nf3 Bd7 6. a3 c4 7. g3 Na5 8. Nbd2 Ne7
9. h4 h6 10. h5 Qc7 11. Rb1 Nec6 12. Bg2 Be7 13. O-O O-O 14. Re1 f6 15. Qe2 Rf7
16. Bh3 f5 17. Nf1 Rff8 18. Bf4 Be8 19. N3d2 Qd7 20. Ne3 Bf7 21. Bg2 Kh7 22. Bf3
Rh8 23. Kg2 Rac8 24. Rh1 Nb3 25. Kf1 Nxd2+ 26. Qxd2 Na5 27. Ng2 Qb5 28. Ke2 Rhf8
29. Nh4 Bxh4 30. Rxh4 Nb3 31. Qc2 Kh8 32. Be3 Qe8 33. Rg1 b5 34. Ke1 Bg8 35. Qe2
a5 36. Bf4 b4 37. axb4 axb4 38. Kf1 Ra8 39. Kg2 Ra2 40. cxb4 Nxd4 41. Qe3 Nxf3
42. Kxf3 Rxb2 43. Qc5 Qa8 44. Kg2 Rc8 45. Qe7 Re8 46. Qc5 Qb7 47. Ra1 Qxb4 48.
Qc6 Qb5 49. Qc7 Qb6 50. Qd7 Qxf2+ {White resigns} 0-1

[Event "Team 45 45 League T25"]
[Site "Internet Chess Club"]
[Date "2005.01.15"]
[Round "5"]
[White "Scotty2Cues"]
[Black "BaroneRosso"]
[Result "0-1"]
[WhiteElo "1903"]
[BlackElo "2004"]
[TimeControl "2700+45"]

1. e4 c5 2. b4 cxb4 3. Bc4 e6 4. Qe2 Nc6 5. Nf3 Qc7 6. Bb2 Nf6 7. a3 Be7 8. O-O
O-O 9. axb4 Nxb4 10. Na3 d5 11. exd5 Nbxd5 12. Nb5 Qb6 13. Rfb1 Bd7 14. Be5 Bxb5
15. Rxb5 Qc6 16. Nd4 Qd7 17. Rb3 a6 18. Rg3 Bd6 19. Bxf6 Bxg3 20. hxg3 Nxf6 21.
Nxe6 Rfe8 22. Re1 Rxe6 23. Bxe6 Qxe6 24. Qxe6 fxe6 25. Rxe6 a5 26. Rb6 Ra7 27.
c4 a4 28. Rb2 a3 29. Ra2 Kf7 30. Kf1 Ke6 31. d4 Kd6 32. Ke2 Ne4 33. Kd3 Nxf2+
34. Ke3 Ng4+ 35. Ke4 Nf6+ 36. Kf5 b6 37. g4 Ra4 38. g5 Nd7 39. Ke4 Nf8 40. Kf5
Ne6 41. g6 h6 42. d5 Nd4+ 43. Ke4 Nb3 {White resigns} 0-1

[Event "Team 45 45 League T25"]
[Site "Internet Chess Club"]
[Date "2005.01.16"]
[Round "5"]
[White "camembert"]
[Black "jongalt97"]
[Result "1/2-1/2"]
[WhiteElo "1909"]
[BlackElo "1765"]
[TimeControl "2700+45"]

1. e4 e6 2. Qe2 d5 3. exd5 Qxd5 4. Nc3 Qd8 5. Nf3 Nf6 6. g3 b6 7. Bg2 Bb7 8. d4
Be7 9. O-O O-O 10. Bf4 a6 11. Rad1 Nd5 12. Nxd5 exd5 13. Rfe1 Bf6 14. Be5 Nd7
15. Bxf6 Nxf6 16. Ne5 Ne4 17. h4 f6 18. Nd3 Re8 19. Nf4 c6 20. Bh3 Bc8 21. Bxc8
Qxc8 22. Kg2 Nd6 23. Qd3 {Game drawn by mutual agreement} 1/2-1/2

[Event "Team 45 45 League T25"]
[Site "Internet Chess Club"]
[Date "2005.01.15"]
[Round "5"]
[White "Catalog"]
[Black "Vombat"]
[Result "1/2-1/2"]
[WhiteElo "2128"]
[BlackElo "2169"]
[TimeControl "2700+45"]

1. d4 Nf6 2. c4 g6 3. Nc3 d6 4. e4 Bg7 5. Be2 O-O 6. Nf3 c5 7. d5 e5 8. Bg5 h6
9. Bh4 g5 10. Bg3 Nh5 11. Qc2 a6 12. h4 Nxg3 13. fxg3 g4 14. Nh2 h5 15. O-O f5
16. exf5 Qf6 17. Ne4 Qe7 18. Ng5 Bf6 19. Ne6 Rf7 20. Qe4 Nd7 21. a4 a5 22. Rae1
b6 23. b3 Nf8 24. Bxg4 hxg4 25. Nxg4 Rh7 26. Rf3 Ra7 27. Ref1 Kh8 28. Nf2 Qf7
29. Nh3 Rh5 30. Qg4 Nh7 31. Nhg5 Qe8 32. Ne4 Rd7 33. Qg6 Qf7 34. g4 Rxh4 35. g5
Rxe4 36. gxf6 Rh4 37. Qg7+ Qxg7 38. fxg7+ Kg8 39. f6 Rf7 40. Nd8 e4 41. Nxf7
exf3 42. Nxd6 Bg4 43. f7+ Kxg7 44. Re1 Nf8 45. Re7 Rh1+ 46. Kf2 Rb1 47. gxf3 Bh5
48. Re3 Rb2+ 49. Kg3 Bg6 50. Nc8 Kxf7 51. d6 Rd2 52. Re7+ Kf6 53. Rb7 Bf5 54.
Rxb6 Nd7 55. Rb5 Rd3 56. Ne7 Rxd6 57. Nxf5 Kxf5 58. Rxa5 Rb6 59. Rb5 Rg6+ 60.
Kf2 Kf4 61. b4 cxb4 62. Rxb4 Nc5 63. Rb8 Nxa4 64. Rf8+ Ke5 65. Ke3 Rc6 66. f4+
Ke6 67. Kd4 Rd6+ 68. Ke3 Nb2 69. Rc8 Na4 70. c5 Rd1 71. c6 Rc1 72. f5+ Kxf5 73.
c7 Nb6 74. Rf8+ {Game drawn by mutual agreement} 1/2-1/2

[Event "Team 45 45 League T25"]
[Site "Internet Chess Club"]
[Date "2005.01.19"]
[Round "5"]
[White "DavidBarnsley"]
[Black "DTK"]
[Result "1-0"]
[WhiteElo "1965"]
[BlackElo "1957"]
[TimeControl "2700+45"]

1. d4 Nf6 2. Nc3 d5 3. e4 dxe4 4. f3 e3 5. Bxe3 e6 6. Bd3 Nc6 7. Nge2 Bb4 8. O-O
O-O 9. Qe1 Nd5 10. Bd2 Re8 11. Rd1 e5 12. Nxd5 Bxd2 13. Qxd2 Qxd5 14. c4 Qd8 15.
d5 Ne7 16. Rfe1 Bf5 17. Qc3 Bxd3 18. Rxd3 Ng6 19. c5 Rc8 20. c6 b6 21. Qd2 Nf4
22. Nxf4 exf4 23. Re4 Rxe4 24. fxe4 Qd6 25. Rf3 Re8 26. Qxf4 Qxf4 27. Rxf4 g5
28. Rf5 h6 29. e5 Rd8 30. d6 Kg7 31. Rf3 Kg6 32. d7 Kg7 33. Ra3 a5 34. Rb3 Kg6
35. Rxb6 Kf5 36. Rb7 Kxe5 37. Rxc7 Kd6 38. Rc8 {Black resigns} 1-0

[Event "Team 45 45 League T25"]
[Site "Internet Chess Club"]
[Date "2005.01.15"]
[Round "5"]
[White "Rainbird"]
[Black "Chief-Justice"]
[Result "0-1"]
[WhiteElo "1630"]
[BlackElo "1856"]
[TimeControl "2700+45"]

1. Nf3 g6 2. e4 Bg7 3. d4 d6 4. Nc3 c6 5. a4 b6 6. h3 Qc7 7. Be3 Nd7 8. Bc4 e6
9. Qd2 h6 10. h4 Ne7 11. Ne2 Bb7 12. h5 g5 13. Bxg5 hxg5 14. Qxg5 Bh6 15. Qh4 d5
16. exd5 cxd5 17. Bd3 Rc8 18. g4 Qd8 19. Nc3 a6 20. g5 Bg7 21. h6 Bf8 22. Kd2
Rc6 23. Rae1 Rd6 24. Nh2 Ng6 25. Bxg6 fxg6 26. Ng4 Be7 27. f4 Rh7 28. Ne2 b5 29.
a5 Qxa5+ 30. c3 b4 31. Ra1 bxc3+ 32. bxc3 Qd8 33. Ng1 Nb6 34. Nf6+ Bxf6 35. gxf6
Kf7 36. Nf3 Nc4+ 37. Kd3 Qxf6 38. Ng5+ Kg8 39. Nxh7 Qxh4 40. Rxh4 Kxh7 41. Rb1
Rb6 42. Rg1 Rb2 43. Rd1 Rf2 44. Rg4 Nb2+ {White resigns} 0-1

[Event "Team 45 45 League T25"]
[Site "Internet Chess Club"]
[Date "2005.01.17"]
[Round "5"]
[White "doobedoo"]
[Black "room-matt"]
[Result "0-1"]
[WhiteElo "1814"]
[BlackElo "1912"]
[TimeControl "2700+45"]

1. e4 e5 2. Nf3 Nc6 3. Bb5 f5 4. Nc3 Nf6 5. exf5 Bb4 6. O-O O-O 7. d4 e4 8. Ne5
Qe8 9. Bc4+ Kh8 10. Bf4 d6 11. Ng4 Nxg4 12. Qxg4 Bxf5 13. Qg3 Nxd4 14. Nd5 Ba5
15. c3 Ne6 16. Be3 c6 17. Nf4 d5 18. Nxe6 Qxe6 19. Bb3 a6 20. Rad1 Rf7 21. c4
dxc4 22. Rd6 Bc7 23. Rxe6 Bxg3 24. Bxc4 Bxe6 25. Bxe6 Rf6 26. fxg3 Rxe6 27. Rf7
b5 28. Bd4 Rg8 29. Kf2 a5 30. a4 bxa4 31. Ra7 Rd6 32. Ke3 Re8 33. Bxg7+ Kg8 34.
Bc3 Rd3+ 35. Ke2 a3 36. Rxa5 axb2 37. Bxb2 Rb3 38. Rg5+ Kf7 39. Bd4 Rd8 40. Rf5+
Kg6 41. Rf6+ Kg5 42. h4+ Kg4 43. Rf4+ Kxg3 44. Rxe4 Kxg2 45. Bf6 Ra8 46. Bg5 c5
47. Rc4 Ra2+ 48. Kd1 Rf3 49. Rc2+ Rxc2 50. Kxc2 c4 51. Be7 Kh3 52. h5 h6 {White
resigns} 0-1

[Event "Team 45 45 League T25"]
[Site "Internet Chess Club"]
[Date "2005.01.15"]
[Round "5"]
[White "chessateer"]
[Black "scampbell"]
[Result "1/2-1/2"]
[WhiteElo "1839"]
[BlackElo "1809"]
[TimeControl "2700+45"]

1. e4 c5 2. Nc3 e6 3. f4 d5 4. Bb5+ Bd7 5. Bxd7+ Qxd7 6. Nf3 Nc6 7. O-O Nf6 8.
d3 a6 9. e5 Ng8 10. Kh1 Nge7 11. Na4 Qc7 12. Nxc5 Nb4 13. a3 Qxc5 14. axb4 Qxb4
15. c3 Qc5 16. Qe2 Nf5 17. g4 Nh6 18. Nd4 g6 19. Be3 Qc8 20. f5 exf5 21. Bxh6
Bxh6 22. gxf5 O-O 23. f6 Re8 24. Nf3 Qh3 25. d4 Qg4 26. Rg1 Qe4 27. Qxe4 dxe4
28. Ng5 e3 29. Rae1 a5 30. Rxe3 Ra6 31. h4 Rxf6 32. Kg2 Rf5 33. Rf3 Rxf3 34.
Kxf3 b5 35. Ne4 Rb8 36. d5 b4 37. Rd1 a4 38. d6 b3 39. d7 Rd8 40. Nc5 a3 41.
bxa3 b2 42. Rb1 Bc1 43. Nd3 Rxd7 44. Nxc1 bxc1=Q 45. Rxc1 Ra7 46. Ke4 Rxa3 47.
Kd4 Kf8 48. Rb1 Ra6 49. c4 Ke7 50. Kd5 Ra5+ 51. c5 Ra7 52. Rb5 h6 53. c6 Ra1 54.
Rb7+ Ke8 55. Kd6 Rd1+ 56. Kc7 g5 57. hxg5 hxg5 58. Kb8 Rd8+ 59. Ka7 g4 60. c7
Rc8 61. Kb6 Kd7 62. Ra7 g3 63. Ra3 g2 64. Rd3+ Ke6 65. Rd1 Kxe5 66. Rg1 f5 67.
Rxg2 Ke4 68. Kb7 Rf8 69. c8=Q Rxc8 70. Kxc8 f4 71. Re2+ Kd3 72. Re6 f3 73. Kc7
f2 74. Rf6 Ke2 75. Rxf2+ Kxf2 {Game drawn because neither player has mating
material} 1/2-1/2

[Event "Team 45 45 League T25"]
[Site "Internet Chess Club"]
[Date "2005.01.16"]
[Round "5"]
[White "Pick"]
[Black "rph"]
[Result "0-1"]
[WhiteElo "1700"]
[BlackElo "1824"]
[TimeControl "2700+45"]

1. d4 Nf6 2. Nf3 d5 3. e3 e6 4. Bd3 Bd6 5. Nbd2 Nbd7 6. O-O O-O 7. Re1 c5 8. c3
cxd4 9. exd4 Qc7 10. Qe2 a6 11. Nf1 h6 12. Ne5 b5 13. f4 Bb7 14. Ng3 Rae8 15.
Bd2 Nb6 16. b3 Bc8 17. Rac1 Bb7 18. Nh5 Ne4 19. Bxe4 dxe4 20. Qg4 f5 21. Qg3
Bxe5 22. dxe5 Rd8 23. Red1 Qf7 24. Qh4 Rd3 25. Be1 Rfd8 26. Rxd3 Rxd3 27. Rc2
Qd7 28. Qf2 e3 29. Qe2 Qd5 30. Ng3 Nd7 31. Rc1 Nc5 32. Kf1 Ne4 33. Nxe4 Qxe4 34.
Kg1 Bc6 35. Rc2 Rd8 36. Bg3 Qd5 37. Kf1 Qe4 38. Ke1 Rd3 39. Kf1 Qd5 40. Be1 Qe4
41. Bg3 a5 42. Ke1 Bb7 43. Kf1 b4 44. c4 Qd4 45. c5 Ba6 46. Qf3 Rd1# {White
checkmated} 0-1

[Event "Team 45 45 League T25"]
[Site "Internet Chess Club"]
[Date "2005.01.13"]
[Round "5"]
[White "steve"]
[Black "DTK"]
[Result "1/2-1/2"]
[WhiteElo "1958"]
[BlackElo "1967"]
[TimeControl "2700+45"]

1. e4 c5 2. Nf3 d6 3. d4 cxd4 4. Nxd4 Nf6 5. Nc3 g6 6. Be3 Bg7 7. f3 Nc6 8. Bc4
Qb6 9. Nf5 Qxb2 10. Nxg7+ Kf8 11. Nd5 Kxg7 12. Rb1 Qe5 13. Bf4 Qd4 14. Qxd4 Nxd4
15. Kd2 Nc6 16. Nxf6 Kxf6 17. Bd5 a5 18. c3 e6 19. Bxc6 bxc6 20. Bxd6 e5 21. Ke3
Be6 {Game drawn by mutual agreement} 1/2-1/2

[Event "Team 45 45 League T25"]
[Site "Internet Chess Club"]
[Date "2005.01.17"]
[Round "5"]
[White "Irvin"]
[Black "JohnCohen"]
[Result "1/2-1/2"]
[WhiteElo "1775"]
[BlackElo "1827"]
[TimeControl "2700+45"]

1. e4 e5 2. Nf3 Nc6 3. Bc4 Bc5 4. c3 Nf6 5. d4 exd4 6. cxd4 Bb4+ 7. Bd2 Bxd2+ 8.
Nbxd2 d5 9. exd5 Nxd5 10. Qb3 Na5 11. Qa4+ Nc6 12. Qb5 Nb6 13. Ne5 O-O 14. Nxc6
bxc6 15. Qxc6 Re8+ 16. Kf1 Nxc4 17. Qxc4 Qd6 18. Kg1 Ba6 19. Qc5 Qe6 20. Nf3
Rab8 21. b3 Rb5 22. Qxc7 Rf5 23. h4 Rc8 24. Qxa7 Rxf3 25. gxf3 Qg6+ 26. Kh2 Qd6+
27. Kh3 Qe6+ 28. Kg3 Qg6+ 29. Kf4 Qh6+ 30. Kg3 Qg6+ 31. Kh2 Qd6+ 32. f4 Qxf4+
33. Kg2 Qg4+ 34. Kh2 Qf4+ 35. Kg1 Qg4+ 36. Kh2 Qf4+ {Game drawn by repetition}
1/2-1/2

[Event "Team 45 45 League T25"]
[Site "Internet Chess Club"]
[Date "2005.01.15"]
[Round "5"]
[White "ears"]
[Black "Budzo"]
[Result "1/2-1/2"]
[WhiteElo "1737"]
[BlackElo "1690"]
[TimeControl "2700+45"]

1. d3 d5 2. g3 c5 3. Bg2 Nf6 4. e3 Nc6 5. Ne2 e5 6. Nd2 Be7 7. b3 O-O 8. Bb2 Be6
9. O-O Qc7 10. Qb1 b5 11. Nc3 Rab8 12. Qc1 b4 13. Ne2 a5 14. Rb1 a4 15. Qe1 axb3
16. axb3 Ra8 17. Ra1 h6 18. e4 d4 19. f3 Na5 20. Qf2 Ra7 21. Ra2 Rfa8 22. Rfa1
Nc6 23. Rxa7 Rxa7 24. Rxa7 Qxa7 25. Qe1 Qa2 26. Qa1 Qxa1+ 27. Bxa1 Na7 28. Bb2
Nb5 29. Nb1 Nc3 30. Nbxc3 dxc3 31. Bc1 Nd7 32. Be3 Nb8 33. Kf2 Nc6 34. Ke1 Nd4
35. Nxd4 cxd4 36. Bc1 Bf6 37. Kf2 Kf8 38. Bf1 Ke8 39. Kg2 Kd7 40. Be2 Kd6 41. f4
Kc5 42. f5 Bd7 43. Bh5 Be8 44. h4 Kd6 45. Bf3 Be7 46. Kh3 f6 47. g4 Kd7 48. g5
fxg5 49. hxg5 hxg5 50. Kg4 Bf7 51. Bd1 Be8 52. Bxg5 Bxg5 53. Kxg5 Ke7 54. Bh5
Bxh5 55. Kxh5 Kf6 56. Kg4 g6 57. fxg6 Kxg6 58. Kh4 Kh6 59. Kg4 Kg6 60. Kh4 Kh6
61. Kg4 Kg6 {Game drawn by repetition} 1/2-1/2

[Event "Team 45 45 League T25"]
[Site "Internet Chess Club"]
[Date "2005.01.16"]
[Round "5"]
[White "kevinfons"]
[Black "clarnibass"]
[Result "0-1"]
[WhiteElo "1528"]
[BlackElo "1732"]
[TimeControl "2700+45"]

1. c4 Nf6 2. Nc3 e5 3. e4 Bc5 4. d3 Nc6 5. Be2 h6 6. Nf3 d6 7. O-O O-O 8. a3 a5
9. Be3 Bxe3 10. fxe3 Ng4 11. Qd2 Ne7 12. h3 Nf6 13. Nd5 Nfxd5 14. cxd5 c5 15.
dxc6 Nxc6 16. d4 Qb6 17. d5 Ne7 18. Nh4 Bd7 19. Rac1 Rac8 20. Bg4 Bxg4 21. hxg4
f6 22. Nf5 Nxf5 23. gxf5 Kf7 24. Rxc8 Rxc8 25. Rc1 Rc5 26. Rxc5 Qxc5 27. Qc3
Qxc3 28. bxc3 g5 29. g4 Ke7 30. a4 Kd7 31. c4 Kc7 32. Kf2 Kb6 33. Ke2 Kc5 34.
Kd3 Kb4 35. c5 Kxc5 36. Kc3 b5 37. Kb3 bxa4+ 38. Kxa4 Kb6 39. Kb3 Kb5 40. Ka3 a4
41. Kb2 Kb4 42. Ka2 a3 43. Kb1 Kc3 44. Ka2 Kd3 {White resigns} 0-1

[Event "Team 45 45 League T25"]
[Site "Internet Chess Club"]
[Date "2005.01.14"]
[Round "5"]
[White "fileman"]
[Black "DeepHmmm"]
[Result "0-1"]
[WhiteElo "1940"]
[BlackElo "2260"]
[TimeControl "2700+45"]

1. e4 d6 2. d4 Nf6 3. Nc3 g6 4. f4 Bg7 5. Nf3 O-O 6. Be3 Nbd7 7. e5 Ng4 8. Bg1
c5 9. h3 cxd4 10. Qxd4 dxe5 11. fxe5 Ngxe5 12. Nxe5 Nxe5 13. O-O-O Qxd4 14. Bxd4
Be6 15. Be2 a6 16. Rhe1 Nc6 17. Bxg7 Kxg7 18. a3 Rad8 19. Bf3 Rxd1+ 20. Rxd1 Rd8
21. Bxc6 Rxd1+ 22. Nxd1 bxc6 23. Kd2 Bd5 24. Ne3 f5 25. c4 Be4 26. g3 e5 27. b4
Kf6 28. a4 Ke6 29. Nd1 f4 30. gxf4 exf4 31. Nc3 Bg2 32. Ke2 Ke5 33. b5 cxb5 34.
cxb5 axb5 35. axb5 Bxh3 36. b6 Bg2 37. Kd3 h5 38. Kc4 h4 39. Ne2 {White resigns}
0-1

[Event "Team 45 45 League T25"]
[Site "Internet Chess Club"]
[Date "2005.01.16"]
[Round "5"]
[White "Squaredance"]
[Black "Ser-Enigma"]
[Result "0-1"]
[WhiteElo "1934"]
[BlackElo "2057"]
[TimeControl "2700+45"]

1. d4 d5 2. Nf3 Nf6 3. e3 c6 4. c4 e6 5. Nbd2 Nbd7 6. b3 Bd6 7. Bb2 Qe7 8. Ne5
O-O 9. Bd3 Ba3 10. Bxa3 Qxa3 11. f4 dxc4 12. Bxc4 Nd5 13. Qf3 f6 14. Nxd7 Bxd7
15. e4 Qb2 16. Rb1 Qxd4 17. exd5 exd5 18. Be2 Rfe8 19. Rd1 Re3 20. Qf2 Rae8 21.
O-O Qb6 22. Rfe1 Rxe2 23. Rxe2 Rxe2 24. Qxb6 axb6 25. Kf1 Bg4 26. Nf3 Bxf3 27.
gxf3 Rxh2 {White resigns} 0-1

[Event "Team 45 45 League T25"]
[Site "Internet Chess Club"]
[Date "2005.01.17"]
[Round "5"]
[White "BillyNoMates"]
[Black "Neo-Myshkin"]
[Result "0-1"]
[WhiteElo "1731"]
[BlackElo "2040"]
[TimeControl "2700+45"]

1. e4 e6 2. d4 d5 3. e5 c5 4. Nf3 cxd4 5. Bd3 Nc6 6. O-O Qb6 7. Qe2 f6 8. Rd1
fxe5 9. Nxe5 Nf6 10. f4 Bd6 11. Kh1 O-O 12. Nd2 Qc7 13. Ndf3 Nb4 14. g4 Nxd3 15.
cxd3 Nd7 16. g5 Nxe5 17. fxe5 Be7 18. g6 Rf5 19. gxh7+ Kh8 20. Rg1 Bd7 21. Qg2
Bf8 22. Nh4 Be8 23. Nxf5 exf5 24. Qxd5 Bc6 {White resigns} 0-1

[Event "Team 45 45 League T25"]
[Site "Internet Chess Club"]
[Date "2005.01.14"]
[Round "5"]
[White "Nomad"]
[Black "Justchess"]
[Result "1-0"]
[WhiteElo "1880"]
[BlackElo "1668"]
[TimeControl "2700+45"]

1. e4 c5 2. Nc3 Nc6 3. Nf3 d6 4. d4 cxd4 5. Nxd4 a6 6. Be2 Nf6 7. O-O e6 8. Be3
Be7 9. f4 e5 10. Nxc6 bxc6 11. fxe5 dxe5 12. Qxd8+ Bxd8 13. Bc5 Be7 14. Bxe7
Kxe7 15. h3 Be6 16. Rad1 Rhd8 17. Rxd8 Kxd8 18. b3 a5 19. Kf2 Bc8 20. Ke3 Ba6
21. Bxa6 Rxa6 22. Na4 Ke7 23. Nc5 Rb6 24. Rf5 Rb5 25. Nd3 Nd7 26. c4 Rb6 27.
Nxe5 Nf6 28. c5 Ra6 29. Nc4 Nd7 30. Kd4 g6 31. Rf2 Ke6 32. g4 Ra7 33. a3 f6 34.
Rf3 Ne5 35. Nxe5 fxe5+ 36. Ke3 Rb7 37. Kd2 Rd7+ 38. Rd3 Rb7 39. Kc2 Ke7 40. Kc3
Rb5 41. Kc4 Rb8 42. Rd6 Rc8 43. b4 axb4 44. axb4 Rc7 45. b5 cxb5+ 46. Kxb5 Rb7+
47. Kc6 Rb3 48. Rd7+ Ke8 49. Rxh7 Re3 50. Kd5 Rc3 51. c6 Kf8 52. c7 Kg8 53. Rd7
{Black resigns} 1-0

[Event "Team 45 45 League T25"]
[Site "Internet Chess Club"]
[Date "2005.01.17"]
[Round "5"]
[White "Arshanay"]
[Black "Zillmer"]
[Result "1-0"]
[WhiteElo "2357"]
[BlackElo "2147"]
[TimeControl "2700+45"]

1. Nf3 d6 2. g3 e5 3. Bg2 f5 4. d3 Nf6 5. O-O Be7 6. c4 O-O 7. Nc3 Qe8 8. Rb1
Qh5 9. b4 f4 10. b5 Bh3 11. a4 Ng4 12. Nd5 Bd8 13. e3 fxg3 14. fxg3 Bxg2 15.
Kxg2 Rxf3 16. Kxf3 Nd7 17. h4 Bxh4 18. gxh4 Qxh4 19. Ke2 Nh2 20. Rf2 Ng4 21. Rg2
Rf8 22. Qg1 h5 23. e4 Qh3 24. Ne7+ Kh7 25. Nf5 g6 26. Rg3 {Black resigns} 1-0

[Event "Team 45 45 League T25"]
[Site "Internet Chess Club"]
[Date "2005.01.15"]
[Round "5"]
[White "MissedMate"]
[Black "elnik"]
[Result "1-0"]
[WhiteElo "1967"]
[BlackElo "1926"]
[TimeControl "2700+45"]

1. d4 Nf6 2. Nf3 g6 3. Bf4 Bg7 4. e3 O-O 5. Nbd2 d6 6. Bc4 Nc6 7. O-O Nh5 8. Bg5
h6 9. Bh4 Qe8 10. c3 a6 11. a4 Bf6 12. Qc2 Kg7 13. b4 e5 14. b5 Bxh4 15. Nxh4
Nd8 16. d5 b6 17. f4 Qe7 18. g3 exf4 19. exf4 axb5 20. Rae1 Qd7 21. Bxb5 c6 22.
dxc6 Qc7 23. Qe4 Nf6 24. Qe7 Ra7 25. Nxg6 Kxg6 26. Qxf8 Bf5 27. Nc4 Nxc6 28.
Qxd6 Ne7 29. Qxc7 Rxc7 30. Nxb6 Rxc3 31. Rxe7 {Black resigns} 1-0

[Event "Team 45 45 League T25"]
[Site "Internet Chess Club"]
[Date "2005.01.16"]
[Round "5"]
[White "azbycx"]
[Black "Sergio56"]
[Result "0-1"]
[WhiteElo "1873"]
[BlackElo "1895"]
[TimeControl "2700+45"]

1. d4 Nf6 2. c4 e5 3. d5 Bb4+ 4. Bd2 Bxd2+ 5. Nxd2 O-O 6. e4 d6 7. Ngf3 c6 8.
Bd3 cxd5 9. cxd5 Bg4 10. O-O Nbd7 11. b4 a5 12. a3 axb4 13. axb4 Rxa1 14. Qxa1
Bxf3 15. Nxf3 Qa8 16. Qb2 Qa7 17. Ra1 Qb6 18. Ra2 Rc8 19. Nd2 Qc7 20. Qc2 Kf8
21. Qxc7 Rxc7 22. Rc2 Ne8 23. Rxc7 Nxc7 24. Nc4 Ke7 25. Na5 Na6 26. Bxa6 bxa6
27. Nc6+ Ke8 28. Kf1 Nb6 29. Ke2 Kd7 30. Nb8+ Kc7 31. Nxa6+ Kb7 32. b5 Nc4 33.
Kd3 Na3 34. Nb4 Nxb5 35. Nc6 f6 36. h4 Kc8 37. g3 Kd7 38. f4 Nc7 39. fxe5 fxe5
40. g4 Na6 41. g5 g6 42. Na5 Nc5+ 43. Ke3 Ke7 44. Nc4 Kd7 45. Kf3 Ke7 46. Ne3
Kf7 47. Ng4 Nd7 48. Ke3 Kg7 49. Kd3 Nc5+ 50. Ke3 Nd7 51. Nf2 h5 52. Kd3 Kf7 53.
Kc4 Nc5 54. Kb5 Ke8 55. Kc6 Ke7 56. Kc7 Na6+ 57. Kb6 Nc5 58. Kc6 Nb3 59. Nd3 Nd2
60. Nb2 Nxe4 61. Nc4 Kd8 62. Ne3 Ke8 63. Kc7 Ke7 64. Kc6 Ng3 65. Kc7 e4 66. Kc6
Nf5 67. Nxf5+ gxf5 68. g6 e3 69. g7 Kf7 70. Kxd6 e2 71. Kc7 e1=Q 72. d6 Qe5 73.
Kd7 f4 74. Kc6 Kxg7 75. d7 Qe6+ 76. Kc7 Qxd7+ 77. Kxd7 f3 78. Ke6 f2 79. Kf5
f1=Q+ 80. Ke5 Kf7 81. Ke4 Ke6 82. Kd4 Qb5 83. Ke4 Qb4+ 84. Kf3 Kf5 85. Ke3 Qe4+
86. Kd2 Qf3 87. Kc2 Ke4 88. Kd2 Qd3+ 89. Ke1 Qc2 90. Kf1 Kf3 91. Kg1 Qg2# {White
checkmated} 0-1

[Event "Team 45 45 League T25"]
[Site "Internet Chess Club"]
[Date "2005.01.16"]
[Round "5"]
[White "NFK"]
[Black "alexcolins"]
[Result "1-0"]
[WhiteElo "1821"]
[BlackElo "1829"]
[TimeControl "2700+45"]

1. e4 d6 2. d4 Nf6 3. Nc3 c6 4. g3 Nbd7 5. Bg2 e5 6. Nge2 Be7 7. O-O O-O 8. h3
h6 9. Be3 Nb6 10. b3 Be6 11. Qd2 Kh7 12. f4 exf4 13. Nxf4 Bd7 14. Rf2 Qc8 15.
Kh2 g5 16. Nd3 Nh5 17. Raf1 f5 18. Qe2 Ng7 19. exf5 Bf6 20. g4 Re8 21. Ne4 Nd5
22. Nxf6+ Nxf6 23. c4 Qc7 24. Kg1 a5 25. Qd2 Qd8 26. c5 Qe7 27. Re1 Ne4 28. Bxe4
Qxe4 29. cxd6 Qd5 30. Ne5 Qxd6 31. f6 Ne6 32. Qd3+ Kh8 33. Nf7+ Kg8 34. Nxd6 Nf4
35. Rxf4 gxf4 36. Qg6+ {Black resigns} 1-0

[Event "Team 45 45 League T25"]
[Site "Internet Chess Club"]
[Date "2005.01.22"]
[Round "5"]
[White "rickylr"]
[Black "tourettes"]
[Result "1-0"]
[WhiteElo "1732"]
[BlackElo "1785"]
[TimeControl "2700+45"]

1. e4 c5 2. d4 cxd4 3. c3 dxc3 4. Nxc3 Nc6 5. Nf3 a6 6. Bc4 e6 7. O-O Nge7 8.
Bf4 Ng6 9. Bd6 Be7 10. Re1 O-O 11. Rc1 b5 12. Bf1 Bb7 13. e5 Re8 14. Ne4 f5 15.
Nc5 Bc8 16. Nxe6 dxe6 17. Rxc6 Ra7 18. Bxe7 Qxe7 19. Qc2 Bd7 20. Rc5 Nf4 21. Nd4
Nd5 22. Nxf5 exf5 23. Rxd5 Be6 24. Rc5 Kh8 25. Rc1 Qf7 26. Bd3 Bxa2 27. Bxf5 g6
28. Be4 Bc4 29. Qc3 Kg8 30. Bd3 Be6 31. g3 Bd5 32. f4 g5 33. f5 Ba8 34. Bc2 Qh5
35. Bb3+ Kf8 36. Bd5 Bxd5 37. Rxd5 Qg4 38. e6 Kg8 39. Rd7 {Black resigns} 1-0

[Event "Team 45 45 League T25"]
[Site "Internet Chess Club"]
[Date "2005.01.13"]
[Round "5"]
[White "Bthoven"]
[Black "claymil"]
[Result "1/2-1/2"]
[WhiteElo "1571"]
[BlackElo "1658"]
[TimeControl "2700+45"]

1. d4 d5 2. Nf3 Nf6 3. e3 e6 4. Bd3 b6 5. O-O Nbd7 6. Nbd2 c5 7. c3 Bd6 8. Re1
O-O 9. e4 dxe4 10. Nxe4 Be7 11. Bg5 Bb7 12. Nxf6+ Bxf6 13. Bxf6 Qxf6 14. Be4
Bxe4 15. Rxe4 Rfd8 16. Qc2 Rac8 17. Qa4 a5 18. Rd1 Qf5 19. Qc2 Nf6 20. Re2 Qxc2
21. Rxc2 cxd4 22. Rxd4 Rd5 23. Rcd2 Rcd8 24. c4 Rxd4 25. Rxd4 Rxd4 26. Nxd4 Kf8
27. f3 Ke7 28. Kf2 Nd7 29. Ke3 Nc5 30. b3 e5 31. Nf5+ Kf6 32. Nd6 g6 33. Ne4+
Nxe4 34. Kxe4 Ke6 35. a3 f5+ 36. Kd3 h5 37. b4 axb4 38. axb4 Kd6 39. g3 g5 40.
h3 Kc6 41. Ke3 Kd6 42. Kd3 Ke6 43. Ke3 Kd6 {Game drawn by mutual agreement}
1/2-1/2

[Event "Team 45 45 League T25"]
[Site "Internet Chess Club"]
[Date "2005.01.17"]
[Round "5"]
[White "alaskauk"]
[Black "e4ia"]
[Result "1/2-1/2"]
[WhiteElo "1501"]
[BlackElo "1580"]
[TimeControl "2700+45"]

1. e4 c5 2. Nf3 Nc6 3. d4 cxd4 4. Nxd4 g6 5. Be3 Bg7 6. Nxc6 bxc6 7. c3 Nf6 8.
Bd4 O-O 9. Nd2 a5 10. a4 Ba6 11. Bxa6 Rxa6 12. Qe2 Ra8 13. O-O d6 14. f3 c5 15.
Bxf6 Bxf6 16. Rfd1 Qc7 17. Nc4 Rfb8 18. Rab1 Rb3 19. Qc2 Rab8 20. Na3 R3b7 21.
Nb5 Qb6 {Game drawn by mutual agreement} 1/2-1/2